 Dungeon Sprint DCSS version 0.31-a0-486-g8d68a81214 (webtiles) character file.

Game seed: 8996377485741092287

5 rocky1 the Changeling (level 1, -4/13 HPs)
             Began as an Octopode Shapeshifter on Aug 8, 2023.
             Splashed by a jelly's acid (5 damage)
             ... in the Dungeon (Sprint IX: "|||||||||||||||||||||||||||||").
             The game lasted 00:00:28 (141 turns).

rocky1 the Changeling (Octopode Shapeshifter)        Turns: 141, Time: 00:00:29

Health: -4/13      AC: -3    Str: 14    XL:     1   Next: 80%
Magic:  1/1        EV: 13    Int: 10    God:
Gold:   0          SH:  0    Dex: 12    Spells: 0/0 levels left

rFire   . .          .
                       - Unarmed
rCold   . . .        (no shield)
rNeg    . . .        (helmet currently unavailable)
rPois   .            (no amulet)
rElec   .            (no ring)
rCorr   .            (no ring)
SInv    .            (no ring)
Will    .....        (no ring)
Stlth   ++           (no ring)
HPRegen 0.22/turn    (no ring)
MPRegen 0.07/turn    (no ring)
                     (no ring)

%: no teleportation
@: beast-form, weakened, corroded
A: beast (slay +2), almost no armour, amphibious, 8 rings, camouflage 1,
gelatinous body 1, (nimble swimmer 1), tentacles
a: Begin Untransformation


You were in the Dungeon.
You were a hulking beast.
You visited 1 branch

Inventory:

Talismans
 b - a beast talisman (active)
Scrolls
 h - a scroll of blinking
Potions
 a - a potion of lignification
 c - a potion of curing
 d - a potion of heal wounds
 e - a potion of haste
 f - 2 potions of magic
 g - a potion of berserk rage


   Skills:
 + Level 1.0 Fighting
 + Level 2.2 Dodging
 + Level 3.5 Unarmed Combat
 + Level 3.7 Shapeshifting


You couldn't memorise any spells.
You didn't know any spells.
Your spell library was empty.

Dungeon Overview and Level Annotations

Branches:
Dungeon (1/1)

Altars:


Innate Abilities, Weirdness & Mutations

You are a hulking beast.
Your limbs bulge with bestial killing power. (Slay +2)
You cannot wear most types of armour.
You are amphibious.
You can wear up to eight rings at the same time.
Your skin changes colour to match your surroundings (Stealth+).
Your rubbery body absorbs attacks. (AC +1, EV +1)
((You are camouflaged when in or above water. (Stealth+)))
You have tentacles for arms and can constrict up to eight enemies at once.


Message History

You closely miss the kobold. You grab the kobold.
You constrict the kobold, but do no damage.
The kobold closely misses you.
You tentacle-slap the kobold.
The kobold is moderately wounded.
You constrict the kobold. The kobold barely misses you.
You bludgeon the kobold!
You kill the kobold!
You closely miss the hobgoblin. You grab the hobgoblin.
You constrict the hobgoblin, but do no damage.
The hobgoblin hits you.
You completely miss the hobgoblin. You constrict the hobgoblin.
The hobgoblin barely misses you.
You bludgeon the hobgoblin!
You kill the hobgoblin!
There is an open door to the Dungeon, spattered with blood here.
Items here: )) †††.
You start resting.
HP restored.
You start waiting.
Done waiting.
You open the door.
A jelly, an iguana, a sleepcap, a white imp and a gnoll bouda come into view.
The white imp shouts!
The gnoll bouda shouts!
The jelly quivers.
The jelly closely misses you.
There is an open door here.
You tentacle-slap the jelly.
Your tentacles burn!
The jelly is lightly wounded.
The jelly hits you. The acid corrodes you!
You are splashed with acid.
You tentacle-slap the jelly.
Your tentacles burn!
* * * LOW HITPOINT WARNING * * *
You squeeze the jelly, but do no damage.
The jelly is moderately wounded.
The gnoll bouda gazes fiercely through you!
You feel your attacks grow feeble. The jelly hits you.
* * * LOW HITPOINT WARNING * * *
You are splashed with acid.
You die... ▓▓▓▓▓▓▓▓▓▓▓▓▓▓▓▓▓▓ ▓<...).....hJlf5g+ ▓▓▓▓▓▓▓▓▓▓▓▓▓▓▓▓▓▓

You could see a sleepcap, a gnoll bouda, an iguana, a jelly and a white imp.

Vanquished Creatures
  A hobgoblin (D)
  2 kobolds (D)
  2 bats (D)
5 creatures vanquished.

Notes
Turn   | Place    | Note
-------+----------+-------------------------------------------
     0 | D        | rocky1 the Octopode Shapeshifter began the quest for the
                  | Orb.
     0 | D        | Reached XP level 1. HP: 13/13 MP: 1/1
   138 | D        | Noticed a jelly
   138 | D        | Noticed an iguana
   138 | D        | Noticed a sleepcap
   138 | D        | Noticed a gnoll bouda
   141 | D        | Splashed by a jelly's acid

Illustrated notes

Levels and vault maps discovered:
D:        linesprint [early_d, line_temple, items_1, d_10, items_2, lair_1,
          lair_end, items_3, orc_1, orc_end, items_4, d_15, swamp_1, shoals_1,
          snake_1, spider_1, d_20, vaults_1, items_5, swamp_end, shoals_end,
          snake_end, spider_end, vaults_end, d_27, items_6, zot_1, zot_end,
          crypt_end, forest_end, elf_end, slime_end, tomb_end, abyss_end,
          pan_hell_end]

Action                     || total
---------------------------++-------
  Melee: Unarmed           ||    14
         Constrict         ||     5
         Tentacles         ||     1
 Armour: Skin              ||     1
  Dodge: Dodged            ||    11

Table legend: (Time is in decaauts)
 A = Elapsed time spent in this place.
 B = Non-inter-level travel time spent in this place.
 C = Inter-level travel time spent in this place.
 D = Time resting spent in this place.
 E = Time spent auto-exploring this place.
 F = Levels seen in this place.
 G = Mean time per level.
                   A        B        C        D        E       F      G
               +--------+--------+--------+--------+--------+-----+--------+
         Total |    140 |    140 |      0 |    116 |      0 |   1 |  140.0 |
       Dungeon |    140 |    140 |      0 |    116 |      0 |   1 |  140.0 |
               +--------+--------+--------+--------+--------+-----+--------+

Top non-repeatable levels by time:
       D: 140 daAuts
